 Dungeon Crawl Stone Soup version 0.19-a0-1344-g0798fd6 (webtiles) character file.

482 Ryco the Chopper (level 6, -10/72 HPs)
             Began as a Demonspawn Berserker on Sept 1, 2016.
             Was a Believer of Trog.
             Mangled by a mummy (17 damage)
             ... on level 4 of the Dungeon.
             The game lasted 00:13:10 (1787 turns).

Ryco the Chopper (Demonspawn Berserker)             Turns: 1787, Time: 00:13:11

Health: -10/72     AC:  6    Str: 20    XL:     6   Next: 87%
Magic:  6/6        EV: 11    Int:  9    God:    Trog [**....]
Gold:   155        SH:  0    Dex: 16    Spells: 0 memorised, 5 levels left

rFire  . . .     SeeInvis .     a - +1 hand axe
rCold  + . .     Gourm    .     t - +2 leather armour {rC+}
rNeg   . . .     Faith    .     (no shield)
rPois  .         Spirit   .     (helmet restricted)
rElec  .         Dismiss  +     (no cloak)
rCorr  .         Reflect  .     o - +0 pair of gloves
MR     .....     Harm     .     (no boots)
Stlth  ..........               j - amulet of dismissal
                                (no ring)
                                p - -3 ring of evasion

@: berserking (expiring), very quick
A: horns 1, talons 1, agile 1, blurry vision 1, powered by pain 1, screaming 1,
weak 1
a: Berserk, Trog's Hand, Burn Spellbooks, Renounce Religion


You were on level 4 of the Dungeon.
You worshipped Trog.
Trog was pleased with you.
You were not hungry.

You visited 1 branch of the dungeon, and saw 4 of its levels.

You collected 155 gold pieces.

Inventory:

Hand Weapons
 a - a +1 hand axe (weapon)
 b - a +0 trident
Missiles
 k - 3 tomahawks (quivered)
Armour
 o - a +0 pair of gloves (worn)
 t - a +2 leather armour of cold resistance (worn)
Jewellery
 j - an amulet of dismissal (around neck)
 p - a -3 ring of evasion (left hand)
Scrolls
 g - 3 scrolls of remove curse
Potions
 c - 2 potions of heal wounds
 f - a potion of lignification
 i - a potion of berserk rage
 q - 2 potions of curing
Comestibles
 r - a bread ration
 s - 3 chunks of flesh


   Skills:
 + Level 4.2 Fighting
 * Level 4.8 Axes
 - Level 1.7 Armour
 + Level 4.5 Dodging
 + Level 0.6 Stealth


You had 5 spell levels left.
You didn't know any spells.

Dungeon Overview and Level Annotations

Branches:
Dungeon (4/15)
 Temple: D:4-7

Altars:
Fedhas
The Shining One

Portals:
Ossuary: D:4


Innate Abilities, Weirdness & Mutations

You have a pair of small horns on your head.
You sometimes gain a little power by taking damage.
You have sharp toenails.
You are agile. (Dex +2)
Scrolls take you a little longer to read.
You occasionally shout uncontrollably at your foes.
You are weak. (Str -2)


Message History

You are too injured to fight recklessly!
You are too injured to fight recklessly!
You are too injured to fight recklessly!
A red film seems to cover your vision as you go berserk!
You feel yourself moving faster!
You feel mighty!
You feel somewhat more hungry.
You hit the mummy but do no damage.
The mummy is heavily damaged.
The mummy hits you but does no damage.
You barely miss the mummy. You claw the mummy.
The mummy is severely damaged.
You barely miss the mummy.
The mummy is severely damaged.
The mummy hits you but does no damage.
You closely miss the mummy. You claw the mummy.
The mummy is almost destroyed.
You completely miss the mummy. You claw the mummy, but do no damage.
The mummy is almost destroyed.
The mummy hits you!
You die...

#.####.####.#.##
#..##...#......#
######.#..#...#.####
.........###..#.#
#####..##∩##...#
##..##^(.##..# #.)##
.(. ##..#
#.#####M#####.#
#......@......#
#.#######....## #.#
...# #.# ..# #.# .#
#.# .. #.# # ..


You could see a mummy.

Vanquished Creatures
  Grinder (D:3)
  Sigmund (D:2)
  An orc wizard (D:4)
  4 adders
  An ooze (D:2)
  2 worms
  5 orcs
  2 ball pythons (D:3)
  3 giant cockroaches
  3 goblins
  3 hobgoblins
  7 jackals
  A quokka (D:3)
  8 bats
  4 giant newts (D:1)
  2 kobolds
  4 rats
52 creatures vanquished.

Notes
Turn   | Place    | Note
-------+----------+-------------------------------------------
     0 | D:1      | Ryco the Demonspawn Berserker began the quest for the Orb.
     0 | D:1      | Reached XP level 1. HP: 18/18 MP: 1/1
   137 | D:2      | Gained mutation: You sometimes gain a little power by taking damage. [demonic ancestry]
   137 | D:2      | Reached XP level 2. HP: 24/24 MP: 2/2
   289 | D:3      | Reached XP level 3. HP: 29/29 MP: 3/3
   307 | D:3      | Noticed Grinder
   311 | D:3      | Paralysed by Grinder for 5 turns
   416 | D:2      | Found a blossoming altar of Fedhas.
   462 | D:2      | Reached ** piety under Trog
   768 | D:2      | Gained mutation: You have a pair of small horns on your head. [demonic ancestry]
   768 | D:2      | Reached XP level 4. HP: 35/35 MP: 4/4
   826 | D:2      | Found a glowing golden altar of the Shining One.
  1004 | D:2      | Noticed Sigmund
  1339 | D:2      | Killed Sigmund
  1339 | D:2      | Reached XP level 5. HP: 38/42 MP: 5/5
  1527 | D:3      | Paralysed by Grinder for 3 turns
  1530 | D:3      | Killed Grinder
  1530 | D:3      | Reached XP level 6. HP: 48/48 MP: 6/6
  1594 | D:3      | Gained mutation: You have sharp toenails. [potion of mutation]
  1594 | D:3      | Gained mutation: Scrolls take you a little longer to read. [potion of mutation]
  1594 | D:3      | Gained mutation: You are agile. (Dex +2) [potion of mutation]
  1595 | D:3      | Gained mutation: You are weak. (Str -2) [potion of mutation]
  1595 | D:3      | Gained mutation: You occasionally shout uncontrollably at your foes. [potion of mutation]
  1776 | D:4      | Found a sand-covered staircase.
  1787 | D:4      | Mangled by a mummy

Vault maps used:
D:1:      minmay_arrival_stone_box, minmay_door_square
D:2:      old_standard_altar, tso_altar, uniq_sigmund
D:3:      hangedman_decor_clover_reticule, uniq_grinder
D:4:      gup_ossuary_entry_pyramid, first_bread, serial_park_tiny_1

Skill      XL: |  1  2  3  4  5 |
---------------+----------------+-----
Axes           | 3 4 |  4.8
Dodging        | 2 3 4 |  4.5
Fighting       | 4 |  4.2
Armour         | |  1.7
Stealth        | |  0.6

Action                   |  1- 3 |  4- 6 || total
-------------------------+-------+-------++-------
Melee: Hand axe          |    99 |    87 ||   186
       Headbutt          |       |    21 ||    21
       Kick              |       |    20 ||    20
Throw: Tomahawk          |       |     6 ||     6
Invok: Berserk           |     3 |     5 ||     8
       Trog's Hand       |       |     4 ||     4
  Use: Potion            |     4 |     5 ||     9
       Scroll            |     1 |     8 ||     9
 Stab: Sleeping          |     1 |       ||     1
  Eat: Chunk             |     1 |     1 ||     2
       Bread ration      |       |     2 ||     2
       Beef jerky        |       |     1 ||     1
Armor: Animal skin       |    27 |     4 ||    31
       Leather armour    |       |     7 ||     7
Dodge: Dodged            |    76 |    54 ||   130
